 Dungeon Crawl Stone Soup version 0.23-a0-183-gf37f6fb (webtiles) character file.

20 KristoblXynda the Caller (level 2, -1/15 HPs)
             Began as a Tengu Summoner on Sept 22, 2018.
             Slain by a jackal (3 damage)
             ... on level 1 of the Dungeon.
             The game lasted 00:01:40 (816 turns).

KristoblXynda the Caller (Tengu Summoner)            Turns: 816, Time: 00:01:41

Health: -1/15      AC:  2    Str:  8    XL:     2   Next: 79%
Magic:  3/6        EV: 12    Int: 15    God:
Gold:   58         SH:  0    Dex: 14    Spells: 2/5 levels left

rFire    . . .     SeeInvis .   b - +0 dagger
rCold    . . .     Gourm    .   (no shield)
rNeg     . . .     Faith    .   a - +0 robe
rPois    .         Spirit   .   (helmet restricted)
rElec    .         Reflect  .   (no cloak)
rCorr    .         Harm     .   (no gloves)
MR       .....                  (boots unavailable)
Stlth    ++........             (no amulet)
HPRegen  0.05/turn              (no ring)
MPRegen  0.10/turn              (no ring)

@: no status effects
A: beak, talons 3
a: no special abilities


You were on level 1 of the Dungeon.
You were not hungry.

You visited 1 branch of the dungeon, and saw 1 of its levels.

You collected 58 gold pieces.

Inventory:

Hand Weapons
 b - a +0 dagger (weapon)
Armour
 a - a +0 robe (worn)
Scrolls
 d - a scroll of random uselessness {unknown}
 e - a scroll of identify {unknown}
 f - a scroll of noise {unknown}
Comestibles
 c - 2 rations


   Skills:
 - Level 2.1 Dodging
 + Level 2.5 Stealth
 + Level 2.4 Spellcasting
 + Level 5.1 Summonings


You had 2 spell levels left.
You knew the following spells:

 Your Spells              Type           Power        Failure   Level  Hunger
a - Summon Small Mammal   Summ           ###.         2%          1    #......
b - Call Imp              Summ           ###.....     3%          2    ###....

Your spell library contained the following spells:

 Spells                   Type           Power        Failure   Level  Hunger
 Call Canine Familiar     Summ           ###.....     8%          3    ###....
 Summon Guardian Golem    Hex/Summ       #.......     22%         3    ###....
 Summon Ice Beast         Ice/Summ       #.......     58%         4    #####..
 Summon Lightning Spire   Summ/Air       #.......     58%         4    #####..


Dungeon Overview and Level Annotations

Branches:
Dungeon (1/15)

Altars:


Innate Abilities, Weirdness & Mutations

You have a beak for a mouth.
You have claws for feet.


Message History

The hobgoblin hits you with a club.
* * * LOW HITPOINT WARNING * * *
Your white imp hits the jackal.
Your white imp freezes the jackal.
The jackal dies!
You swap places.
The hobgoblin misses your crimson imp.
Your crimson imp hits the hobgoblin.
The hobgoblin dies!
Your white imp closely misses the jackal.
The jackal closely misses your crimson imp.
Your white imp hits the jackal.
The jackal dies!
Unknown command.
You swap places.
A jackal comes into view.
The jackal closely misses your white imp.
The jackal bites your white imp.
Things that are here:
a club; 3 gold pieces You swap places.
The jackal bites you.
You die...

#.......# #.......##
#........ ##......$####
........... #..#.....#
#..#..h..# #..#..@### ###
######..##.5).#
..####......†##..†5####
..............###.#...#
...###.......##.......#
....##.####..##...#.###
....## #).##..#)...#
.....# #[...).#....#
...#.#.####.##...###.#)..#


You could see a jackal, a friendly crimson imp and a friendly white imp.

Vanquished Creatures
  A leopard gecko (D:1)
  A giant cockroach (D:1)
  3 goblins (D:1)
  2 hobgoblins (D:1)
  A bat (D:1)
  A frilled lizard (D:1)
  2 kobolds (D:1)
  A rat (D:1)
12 creatures vanquished.

Vanquished Creatures (collateral kills)
  2 hobgoblins (D:1)
  3 jackals (D:1)
  A bat (D:1)
  A rat (D:1)
7 creatures vanquished.

Grand Total: 19 creatures vanquished

Notes
Turn   | Place    | Note
-------+----------+-------------------------------------------
     0 | D:1      | KristoblXynda the Tengu Summoner began the quest for the
                  | Orb.
     0 | D:1      | Reached XP level 1. HP: 10/10 MP: 4/4
   191 | D:1      | Reached skill level 5 in Summonings
   193 | D:1      | Reached XP level 2. HP: 4/15 MP: 6/6
   408 | D:1      | Learned a level 2 spell: Call Imp
   816 | D:1      | Slain by a jackal

Vault maps used:
D:1:      zaba_arrival_water, hangedman_decor_push, minmay_split_cup_large

Skill      XL: |  1 |
---------------+----+-----
Summonings     | 5 |  5.1
Dodging        | |  2.1
Stealth        | |  2.5
Spellcasting   | |  2.4

Action                   || total
-------------------------++-------
Melee: Dagger            ||    43
       Peck              ||     8
       Kick              ||     6
 Cast: Summon Small Mamm ||     3
       Call Imp          ||     5
Armor: Robe              ||    10
Dodge: Dodged            ||    30

Table legend:
 A = Non-vault XP
 B = Vault XP
 C = Vault XP percentage of total XP
 D = Non-vault monster count
 E = Vault monster count
 F = Vault count percentage of total count
                 A         B        C        D         E       F
            +---------+---------+-------+---------+---------+-------
      Total |      29 |       0 |   0.0 |      19 |       0 |   0.0
            +---------+---------+-------+---------+---------+-------
        D:1 |      29 |       0 |   0.0 |      19 |       0 |   0.0
            +---------+---------+-------+---------+---------+-------
